 Dungeon Crawl Stone Soup version 0.29-a0-529-gfa20dd96a1 (webtiles) character file.

Game seed: 2342776878334271445

9 Peedeoo7 the Sneak (level 2, -1/22 (24) HPs)
             Began as a Demonspawn Delver on June 1, 2022.
             Succumbed to an orc's poison
             ... on level 6 of the Dungeon.
             The game lasted 00:01:48 (42 turns).

Peedeoo7 the Sneak (Demonspawn Delver)                Turns: 42, Time: 00:01:49

HP:   -1/22 (24)    AC:  3    Str: 12    XL:     2   Next: 3%
MP:   2/2           EV: 11    Int: 11    God:
Gold: 0             SH:  4    Dex: 14    Spells: 1/1 levels left

rFire   . . .      SeeInvis .   a - +0 falchion
rCold   . . .      Faith    .   (no shield)
rNeg    . . .      Spirit   .   b - +0 leather armour
rPois   .          Reflect  .   (no helmet)
rElec   .          Harm     .   (no cloak)
rCorr   .          Rampage  .   (no gloves)
Will    .....                   (no boots)
Stlth   +++.......              (no amulet)
HPRegen 0.07/turn               (no ring)
MPRegen 0.08/turn               (no ring)

@: lethally poisoned (-1 -> -12), drained
A: condensation shield
a: no special abilities


You were on level 6 of the Dungeon.
You visited 1 branch of the dungeon, and saw 2 of its levels.

Inventory:

Hand Weapons
 a - a +0 falchion (weapon)
Armour
 b - a +0 leather armour (worn)
Wands
 g - a wand of digging (3)
Scrolls
 c - a scroll of fog
 d - a scroll of identify {unknown}
 e - a scroll of fear
 h - a scroll of amnesia {unknown}
Potions
 f - a potion of haste


   Skills:
 + Level 3.1 Fighting
 + Level 1.9 Long Blades
 + Level 1.8 Dodging
 + Level 4.8 Stealth


You had one spell level left.
You didn't know any spells.
Your spell library was empty.

Dungeon Overview and Level Annotations

Branches:
Dungeon (6/15)             Temple (0/1) D:5

Altars:

Annotations:
D:5 1 runed translucent door, Eustachio; delverdan's ghost, weakling OgDe
D:6 Pikel


Innate Abilities, Weirdness & Mutations

A meltable shield of frost defends you. (SH +4)


Message History

As you read the scroll of magic mapping, it crumbles to dust.
You feel aware of your surroundings.
You sensed 1 altar, and 1 shop/portal.
Delverdan's ghost wails.
An orc comes into view.
It is wielding a +0 short sword and wearing a +0 leather armour of cold resistance.
The orc shouts!
You hear a shout! x3
An orc comes into view. It is wielding a +0 dagger of venom.
You hear an angry hiss.
Found an escape hatch in the floor.
Found a scroll labelled GULLUR TOSO.
Found a scroll labelled IMUCKE RUOKAY.
Found 19 stones.
You see here a scroll labelled GULLUR TOSO.
d - a scroll labelled GULLUR TOSO A bullfrog comes into view.
An orc warrior comes into view. It is wielding a +0 great sword.
The bullfrog gives a loud, deep croak!
The orc warrior shouts!
You hear a shout!
You hear an angry hiss.
You hear a shout!
The bullfrog releases a deep croak.
Eustachio the Magnificent comes into view.
He is wielding a +0 rapier.
The orc wizard gestures wildly while chanting.
The orc wizard flickers and vanishes!
Deactivating autopickup; reactivate with Ctrl-A.
The orc completely misses you. The orc barely misses you.
The orc barely misses you. x2; Something hits you.
* * * LOW HITPOINT WARNING * * *
You feel drained.
* * * LOW HITPOINT WARNING * * *
An orc comes into view. It is wielding a +0 flail.
There is an escape hatch in the floor here.
The orc shouts!
You block the orc's attack.
The orc hits you with a +0 dagger of venom.
* * * LOW HITPOINT WARNING * * *
You are lethally poisoned!
Something hits you.
* * * LOW HITPOINT WARNING * * *
You feel drained. The bullfrog misses you.
You slide downwards.
The hatch slams shut behind you.
Reactivating autopickup.
You die...

....... .
....... 5.
....... .5.
....... ....
....... ..K..
.......
..5...##o......
.......@o......
#.....#####?.>.
..... . #...
#.. .. #


You could see Pikel (asleep), 3 lemures and 2 orcs.

Vanquished Creatures
  An adder (D:5)
1 creature vanquished.

Notes
Turn   | Place    | Note
-------+----------+-------------------------------------------
     0 | D:5      | Peedeoo7 the Demonspawn Delver began the quest for the Orb.
     0 | D:5      | Reached XP level 1. HP: 18/18 MP: 1/1
     6 | D:5      | Noticed an orc wizard
     7 | D:5      | Noticed delverdan's ghost (weakling OgDe)
    17 | D:5      | Gained mutation: A meltable shield of frost defends you.
                  | (SH +4) [demonic ancestry]
    17 | D:5      | Reached XP level 2. HP: 8/24 MP: 2/2
    34 | D:5      | Noticed a bullfrog
    35 | D:5      | Noticed an orc warrior
    35 | D:5      | Noticed Eustachio
    41 | D:5      | HP: 1/23 [something (3)]
    42 | D:6      | Noticed Pikel
    42 | D:6      | Noticed a lemure
    42 | D:6      | Noticed a lemure
    42 | D:6      | Noticed a lemure
    42 | D:6      | Succumbed to an orc's poison

Illustrated notes

Levels and vault maps discovered:
D:5:      layout_rooms, mainiacjoe_overflow_alcove_1,
          minmay_temple_entry_stoned_glass, ebering_ghost_sewer_f,
          lightli_ossuary_entry_decrepit_ruins, sword_in_stone,
          uniq_crazy_yiuf_cottage
D:6:      layout_basic, kennysheep_vampire_church, nicolae_benzene_ring,
          uniq_pikel, uniq_edmund

Action                   || total
-------------------------++-------
Melee: Falchion          ||     8
  Use: Scroll            ||     1
Dodge: Dodged            ||    13
Block: Other             ||     1

Table legend: (Time is in decaauts)
 A = Elapsed time spent in this place.
 B = Non-inter-level travel time spent in this place.
 C = Inter-level travel time spent in this place.
 D = Time resting spent in this place.
 E = Time spent auto-exploring this place.
 F = Levels seen in this place.
 G = Mean time per level.
                   A        B        C        D        E       F      G
               +--------+--------+--------+--------+--------+-----+--------+
         Total |     43 |     41 |      2 |      0 |      0 |   2 |   21.5 |
       Dungeon |     43 |     41 |      2 |      0 |      0 |   2 |   21.5 |
               +--------+--------+--------+--------+--------+-----+--------+

Top non-repeatable levels by time:
     D:5: 43 daAuts
